 Dungeon Crawl Stone Soup version 0.26.1-11-gd32895ea62 (webtiles) character file.

Game seed: 14518575433447051095

4046 Gwenloh the Severer (level 10, -1/77 HPs)
             Began as a Hill Orc Berserker on May 16, 2021.
             Was a High Priest of Trog.
             Slain by a polar bear (22 damage)
             ... on level 8 of the Dungeon.
             The game lasted 00:24:40 (6991 turns).

Gwenloh the Severer (Hill Orc Berserker)            Turns: 6991, Time: 00:24:42

Health: -1/77      AC: 23    Str: 21    XL:     10   Next: 24%
Magic:  10/10      EV: 13    Int:  7    God:    Trog [*****.]
Gold:   374        SH:  0    Dex: 19    Spells: 9/9 levels left

rFire    . . .     SeeInvis .   a - +3 battleaxe
rCold    . . .     Faith    .   (shield currently unavailable)
rNeg     . . .     Spirit   .   v - +8 chain mail of the Four Xeniums {rPois Stlth+}
rPois    +         Reflect  .   d - +0 helmet
rElec    .         Harm     .   i - scarf {repulsion}
rCorr    .         Rampage  .   z - +0 pair of gloves
Will     ++...                  o - +0 pair of boots
Stlth    ..........             (no amulet)
HPRegen  1.22/turn              s - +4 ring of evasion
MPRegen  0.12/turn              m - +6 ring of dexterity

@: mighty, marked, berserk cooldown, regenerating, repel missiles
A: no striking features
a: Renounce Religion, Berserk, Trog's Hand, Brothers in Arms


You were on level 8 of the Dungeon.
You worshipped Trog.
Trog was extremely pleased with you.
You visited 2 branches of the dungeon, and saw 9 of its levels.

You collected 444 gold pieces.
You spent 70 gold pieces at shops.

Inventory:

Hand Weapons
 a - a +3 battleaxe (weapon)
 w - a +0 fustibalus
 N - a cursed +4 flail
Missiles
 f - 8 boomerangs of dispersal
 g - 33 poisoned darts (quivered)
 j - 102 arrows
 k - 252 stones
 l - 104 bolts
 r - 4 javelins
 x - 47 sling bullets
 K - 5 boomerangs
Armour
 d - a +0 helmet (worn)
 i - a scarf of repulsion (worn)
 o - a +0 pair of boots (worn)
 q - a +0 ring mail
 v - the +8 chain mail of the Four Xeniums (worn) {rPois Stlth+}
   (You found it on level 7 of the Dungeon)

   It protects you from poison.
   It makes you more stealthy.
 z - a +0 pair of gloves (worn)
Jewellery
 m - a +6 ring of dexterity (right hand)
 s - a +4 ring of evasion (left hand)
 t - an uncursed amulet of reflection {unknown}
 B - a +6 ring of strength
 O - the ring of Arrival {Ice +Blink Str+5 Slay-2 SInv}
   (You found it on level 7 of the Dungeon)

   [ring of ice]

   It enhances your ice magic.
   It affects your strength (+5).
   It affects your accuracy and damage with ranged weapons and melee attacks
   (-2).
   It makes you vulnerable to fire.
   It protects you from cold.
   It lets you see invisible.
   It lets you blink.
Wands
 D - a wand of disintegration (11)
 L - a wand of digging (5)
Scrolls
 b - a scroll of immolation
 c - 2 scrolls of magic mapping
 u - a scroll of enchant weapon
 y - 5 scrolls of remove curse
 A - 2 scrolls of fear
 C - 3 scrolls of blinking
 E - a scroll of enchant armour {unknown}
 F - a scroll of teleportation {unknown}
Potions
 e - 4 potions of heal wounds
 n - 4 potions of brilliance
 p - 5 potions of attraction
 G - 2 potions of flight
 I - a potion of degeneration
 J - 4 potions of lignification


   Skills:
 - Level 3.6 Fighting
 * Level 15.2 Axes
 + Level 9.1 Armour
 - Level 1.5 Dodging


You had 9 spell levels left.
You didn't know any spells.
Your spell library contained the following spells:

 Spells                   Type           Power        Failure   Level
 Animate Skeleton         Necr           0%           97%         1
 Apportation              Tloc           0%           97%         1
 Corona                   Hex            0%           97%         1
 Summon Small Mammal      Summ           0%           97%         1
 Call Imp                 Summ           0%           99%         2
 Call Canine Familiar     Summ           0%           100%        3
 Summon Guardian Golem    Hex/Summ       0%           100%        3
 Summon Ice Beast         Ice/Summ       0%           100%        4
 Summon Lightning Spire   Summ/Air       0%           100%        4


Dungeon Overview and Level Annotations

Branches:
Dungeon (8/15)             Temple (1/1) D:5            Lair (0/6) D:8

Altars:
Ashenzari
Cheibriados
Dithmenos
Elyvilon
Fedhas
Gozag
Hepliaklqana
Makhleb
Nemelex Xobeh
Okawaru
Qazlal
Uskayaw
Wu Jian
Xom
Zin
The Shining One

Shops:
D:4 !   D:7 [

Portals:
Abyss: D:3

Annotations:
D:3 2 transporters, Sassenached's ghost, amateur DgWn
D:6 2 transporters, Domino's ghost, novice MiBe


Message History

Harold is almost dead.
You barely miss the polar bear. The polar bear barely misses you.
The polar bear claws you but does no damage. x2
You slice Harold!!
You kill Harold!
Trog accepts your kill.
Trog appreciates your killing of a magic user.
Harold groans, "My... family..." and then collapses, dead.
You slash the polar bear!
A killer bee comes into view.
The polar bear goes berserk!
The killer bee misses you.
Your Axes skill increases to level 15!
Your Armour skill increases to level 9!
Your chain mail of the Four Xeniums prevents you from hitting the killer bee.
You barely miss the polar bear. The killer bee stings you.
The polar bear bites you!!
* * * LOW HITPOINT WARNING * * *
The polar bear barely misses you. The polar bear claws you.
* * * LOW HITPOINT WARNING * * *
The killer bee closely misses you. The polar bear bites you!!
You die...

≈≈≈≈,,***#..**##*.* ######.
≈≈≈≈,,,,,...#** *.* ############†
≈≈,,,,,,,.....*##.* #...........†
,,,,,,***..#..##(#* #.##########†
***,,,**,........# #.# ****#.
,,,,,,**,.....!#.####.# *,,,..
***,<,,,,,,#...5Y(....# *,,...
*,,,**,......#h###### *,,...
*,,,**,..#.c,#@# *,,...
*,,,***,..5,*#y# *,#..#
***,,,,,,..#,,,.y# **,,,**
,,,,*,***.,,**#### **,,,,*
*****,,,*,,***************,,,,,*
*******,*,,,,,,,,,,,,,,,,,,,,,,*
,,,,,,,*,,,,>,,,,***,**,,,,,,,,**
*******,*,******,***,,,,,,,,,,,,*
*,*,******,**,,,,,,,,,,,,,,


You could see a polar bear (berserk), an ice beast, 2 killer bees and a white
imp.

Vanquished Creatures
  Harold (D:8)
  Pikel (D:7)
  Prince Ribbit (D:7)
  A polar bear (D:8)
  A vampire (D:7)
  Grum (D:8)
  An orc warrior (D:6)
  2 ice beasts
  An ogre (D:5)
  4 wolves (D:8)
  4 lemures (D:7)
  A big kobold (D:8)
  2 bullfrogs (D:6)
  A scorpion (D:5)
  8 wights
  4 howler monkeys (D:7)
  2 jellies (D:5)
  A centaur skeleton (D:7)
  A hound (D:8)
  5 orc priests
  A bullfrog skeleton (D:5)
  An iguana (D:4)
  6 worker ants
  3 hound skeletons
  A worker ant zombie (D:6)
  4 gnolls (D:4)
  5 adders
  A shadow imp (D:7)
  3 white imps
  An ufetubus (D:8)
  An ooze (D:1)
  An adder zombie (D:5)
  2 adder skeletons
  3 worms
  2 dart slugs (D:2)
  6 leopard geckos
  15 orcs
  9 giant cockroaches
  10 goblins
  4 hobgoblins
  9 jackals
  4 quokkas
  A ball python (D:5)
  A ball python skeleton (D:5)
  5 bats
  2 frilled lizards (D:3)
  18 kobolds
  4 leopard gecko skeletons
  A quokka zombie (D:5)
  7 rats
174 creatures vanquished.

Vanquished Creatures (others)
  A plant (D:2)
1 creature vanquished.

Grand Total: 175 creatures vanquished

Notes
Turn   | Place    | Note
-------+----------+-------------------------------------------
     0 | D:1      | Gwenloh the Hill Orc Berserker began the quest for the Orb.
     0 | D:1      | Reached XP level 1. HP: 19/19 MP: 1/1
   223 | D:1      | Reached XP level 2. HP: 26/26 MP: 2/2
   360 | D:1      | Reached skill level 5 in Axes
   590 | D:1      | Reached XP level 3. HP: 31/31 MP: 3/3
   860 | D:2      | Reached ** piety under Trog
  1088 | D:2      | Reached skill level 6 in Axes
  1139 | D:2      | Reached XP level 4. HP: 32/39 MP: 4/4
  1270 | D:2      | Found an ornate altar of the Wu Jian Council.
  1855 | D:2      | Reached skill level 7 in Axes
  2005 | D:3      | Reached XP level 5. HP: 40/45 MP: 5/5
  2285 | D:3      | Found a faded altar of an unknown god.
  2340 | D:3      | Reached *** piety under Trog
  2582 | D:3      | Found a transporter.
  2597 | D:3      | Found a one-way gate to the infinite horrors of the Abyss.
  2597 | D:3      | Noticed Sassenached's ghost (amateur DgWn)
  2598 | D:3      | Found a transporter.
  2786 | D:4      | Reached skill level 8 in Axes
  2786 | D:4      | Reached XP level 6. HP: 51/51 MP: 6/6
  3176 | D:4      | Found a sparkling altar of Nemelex Xobeh.
  3256 | D:4      | Found Doraj's Distillery.
  3264 | D:4      | Bought a potion of heal wounds for 70 gold pieces
  3373 | D:4      | Found a hide-covered altar of Uskayaw.
  3373 | D:4      | Found a burning altar of Makhleb.
  3473 | D:4      | Found a stormy altar of Qazlal.
  3918 | D:5      | Entered Level 5 of the Dungeon
  3964 | D:5      | Reached skill level 9 in Axes
  4016 | D:5      | Found a staircase to the Ecumenical Temple.
  4036 | D:5      | Reached XP level 7. HP: 49/57 MP: 7/7
  4039 | Temple   | Entered the Ecumenical Temple
  4383 | D:5      | Found a glowing silver altar of Zin.
  4639 | D:5      | Reached **** piety under Trog
  5015 | D:5      | Reached skill level 10 in Axes
  5015 | D:5      | Reached skill level 5 in Armour
  5267 | D:6      | Found a shadowy altar of Dithmenos.
  5332 | D:6      | Reached XP level 8. HP: 64/64 MP: 8/8
  5374 | D:6      | Noticed Domino's ghost (novice MiBe)
  5375 | D:6      | Found a transporter.
  5375 | D:6      | Found a transporter.
  5376 | D:6      | Identified the +8 great mace of the Living Dead {venom, rF+
                  | rN+ Int+5}
  5647 | D:6      | Reached skill level 11 in Axes
  5932 | D:7      | Noticed Pikel
  5955 | D:7      | Killed Pikel
  5956 | D:7      | Reached skill level 12 in Axes
  5956 | D:7      | Reached XP level 9. HP: 70/70 MP: 9/9
  6001 | D:7      | Found Husil's Armour Boutique.
  6023 | D:7      | Got a scorched copper ring
  6071 | D:7      | Reached skill level 13 in Axes
  6094 | D:7      | Found an opulent altar of Gozag.
  6098 | D:7      | Identified the ring of Arrival {Ice +Blink Str+5 Slay-2
                  | SInv} (You found it on level 7 of the Dungeon)
  6102 | D:7      | Found a shadowy altar of Dithmenos.
  6124 | D:7      | Noticed Prince Ribbit
  6133 | D:7      | Killed Prince Ribbit
  6648 | D:7      | Got an encrusted chain mail
  6806 | D:7      | Identified the +8 chain mail of the Four Xeniums {rPois
                  | Stlth+} (You found it on level 7 of the Dungeon)
  6856 | D:8      | Reached ***** piety under Trog
  6908 | D:8      | Reached skill level 14 in Axes
  6915 | D:8      | Noticed Grum
  6929 | D:8      | Killed Grum
  6939 | D:8      | Noticed a polar bear
  6956 | D:8      | Killed a polar bear
  6957 | D:8      | Reached XP level 10. HP: 54/77 MP: 10/10
  6976 | D:8      | Noticed Harold
  6990 | D:8      | Killed Harold
  6991 | D:8      | Reached skill level 15 in Axes
  6991 | D:8      | Slain by a polar bear

Illustrated notes

Levels and vault maps discovered:
D:1:      psy_arrival_whirlpool, layout_loops_ring
D:2:      layout_basic, overflow_temple_1_default, grunt_ministairs_10,
          corexii_shack
D:3:      layout_rooms, gammafunk_ghost_abyssal_escape,
          chequers_ecumenical_altar_simple
D:4:      minmay_skewed_foursquare, layout_basic,
          nicolae_overflow_crystal_walls, gammafunk_temple_overflow_elements,
          serial_shops, shop, st_stairs_9, nemelex_lonely_heart_becter
D:5:      layout_basic, zin_treasury, minmay_temple_entry_statues_fountains
D:6:      layout_loops_ring, gammafunk_ghost_smash,
          nicolae_dithmenos_through_a_glass_darkly
D:7:      cheibrodos_helix_gallery, layout_cave_pools,
          nicolae_overflow_hidden_temple, serial_shops, shop,
          minmay_starry_boxes, uniq_pikel, uniq_prince_ribbit1
D:8:      layout_loops_ring, trog_eyes_of_draining, due_lair_maze_entry_diamond,
          serial_ice, serial_ice_j, serial_ice_c, serial_ice_e, serial_ice_o,
          serial_ice_g, serial_ice_f, serial_ice_n, nicolae_ossuary_entry_plus,
          special_room [special_room_orc], uniq_harold, uniq_grum
Temple:   compressed_dpeg_triangle_lava_temple

Skill      XL: |  1  2  3  4  5  6  7  8  9 10 |
---------------+-------------------------------+-----
Axes           | 5 6 7 8 9 10 12 14 15 | 15.2
Armour         | 3 4 5 7 8 9 |  9.1
Fighting       | |  3.6
Dodging        | |  1.5

Action                   |  1- 3 |  4- 6 |  7- 9 | 10-12 || total
-------------------------+-------+-------+-------+-------++-------
Melee: Hand axe          |    40 |    44 |       |       ||    84
       War axe           |       |    66 |    90 |       ||   156
       Battleaxe         |       |       |    80 |     9 ||    89
 Fire: Hunting sling     |    67 |    29 |       |       ||    96
       Fustibalus        |       |    76 |   101 |       ||   177
Invok: Trog's Hand       |     1 |     1 |     3 |     1 ||     6
       Berserk           |       |     3 |     6 |       ||     9
  Use: Scroll            |       |     4 |    11 |       ||    15
       Potion            |       |       |       |     2 ||     2
Armor: Animal skin       |     8 |       |       |       ||     8
       Leather armour    |     6 |     1 |       |       ||     7
       Ring mail         |       |    37 |    30 |       ||    67
       Chain mail        |       |       |    29 |    23 ||    52
Dodge: Dodged            |    39 |   107 |   136 |    26 ||   308
